 Dungeon Crawl Stone Soup version 0.31-a0-774-g0d66cbabe8 (webtiles) character file.

Game seed: 102547601894793135

81 SmokeWeed the Shooter (level 4, -4/26 HPs)
             Began as a Deep Elf Hunter on Sept 16, 2023.
             Slain by Pikel
             ... wielding a +1 whip of flaming
              (5 damage)
             ... on level 3 of the Dungeon on Sept 17, 2023.
             The game lasted 00:05:38 (2761 turns).

SmokeWeed the Shooter (Deep Elf Hunter)             Turns: 2761, Time: 00:05:39

Health: -4/26      AC:  3    Str:  8    XL:     4   Next: 20%
Magic:  0/6        EV: 12    Int: 14    God:
Gold:   149        SH:  0    Dex: 20    Spells: 3/3 levels left

rFire   + . .        q - +0 falchion (elec)
rCold   . . .        (no shield)
rNeg    . . .        c - +0 leather armour
rPois   +            (no helmet)
rElec   .            (no cloak)
rCorr   .            (no gloves)
SInv    .            (no boots)
Will    .....        p - amulet of guardian spirit
Stlth   ++           u - ring of poison resistance
HPRegen 0.24/turn    (no ring)
MPRegen 0.10/turn

%: guardian spirit
@: no status effects
A: fire resistance 1, sense surroundings 2
a: no special abilities


You were on level 3 of the Dungeon.
You visited 1 branch of the dungeon, and saw 4 of its levels.

You collected 149 gold pieces.

Inventory:

Hand Weapons
 a - a +0 shortbow
 q - a +0 falchion of electrocution (weapon)
Missiles
 f - 2 poisoned darts
 s - 8 boomerangs
Armour
 c - a +0 leather armour (worn)
 i - a +0 cloak
Jewellery
 p - an amulet of guardian spirit (around neck)
 u - a ring of poison resistance (left hand)
Scrolls
 b - 3 scrolls of butterflies
 h - 2 scrolls of enchant weapon {unknown}
 j - a scroll of fear {unknown}
 k - a scroll of identify
 l - a scroll of brand weapon {unknown}
 o - a scroll of noise {unknown}
 r - a scroll of poison
 t - a scroll of enchant armour {unknown}
Potions
 d - a potion of mutation
 e - 2 potions of curing {unknown}
 g - 2 potions of magic {unknown}
 m - a potion of heal wounds {unknown}
 n - a potion of invisibility {unknown}
 v - a potion of brilliance {unknown}


   Skills:
 + Level 2.0 Fighting
 + Level 7.0 Ranged Weapons
 + Level 0.6 Armour
 + Level 2.5 Dodging
 + Level 1.3 Stealth


You had 3 spell levels left.
You didn't know any spells.
Your spell library contained the following spells:

 Spells                   Type           Power      Damage    Failure   Level
 Summon Small Mammal      Summ           0%         N/A       38%         1
 Call Canine Familiar     Summ           0%         N/A       77%         3
 Summon Guardian Golem    Hex/Summ       0%         N/A       77%         3
 Animate Dead             Necr           0%         N/A       99%         4
 Borgnjor's Vile Clutch   Necr/Erth      0%         N/A       100%        5
 Death Channel            Necr           0%         N/A       100%        6


Dungeon Overview and Level Annotations

Branches:
Dungeon (4/15)
 Temple: D:4-7

Altars:

Annotations:
D:3 Pikel


Innate Abilities, Weirdness & Mutations

Your flesh is heat resistant. (rF+)
You passively map the area around you.


Message History

Pikel closely misses you.
You climb upwards.
There is a stone staircase leading down here.
Pikel attacks as he pursues you!
Pikel hits you with a +1 whip of flaming.
Pikel burns you.
You feel extremely strange.
You feel a strange attunement to the structure of the dungeons.
Your attunement to dungeon structure grows.
You feel resistant to heat.
Pikel hits you with a +1 whip of flaming.
Fire: a) +0 shortbow
Press: ? - help, Q - select action, (/) - cycle Shift-Dir - straight line, f - Pikel
Aim: Pikel, wielding a +1 whip of flaming and wearing a +2 robe of positive energy (60% to hit)
Okay, then.
You hear the crackle of electricity.
q - a +0 falchion of electrocution (weapon)
You aren't carrying any items that you can evoke.
You closely miss Pikel.
Pikel hits you with a +1 whip of flaming.
You hit Pikel. Lightning courses through Pikel!!
Pikel is severely wounded.
Pikel hits you with a +1 whip of flaming!
Pikel burns you.
Pikel hits you with a +1 whip of flaming!
* * * LOW HITPOINT WARNING * * *
Pikel burns you.
* * * LOW HITPOINT WARNING * * *
You closely miss Pikel.
Pikel is severely wounded.
Pikel hits you but does no damage.
You hit Pikel but do no damage. Lightning courses through Pikel!
Pikel is almost dead.
Pikel hits you with a +1 whip of flaming.
* * * LOW HITPOINT WARNING * * *
You closely miss Pikel.
Pikel is almost dead.
Pikel hits you with a +1 whip of flaming.
You die...
Pikel says, "See you in Hell!"

#### ############...
######### #..........#...
#.......####.########.#..)
#.......K@............'...
#..>##'##.............#...
###..##8.8####.########.#...
#...##.....###.# #.#...
#.###8.....8##.########.####
#.##.........##..........#
#.#8.........8#########..#
#.+...........'...# #..##
###8.........8###.# #...#


You could see Pikel.

Vanquished Creatures
  3 adders
  An ufetubus (D:4)
  A worm (D:4)
  A dart slug (D:2)
  4 bats
  5 endoplasms
  6 goblins
  3 hobgoblins
  6 jackals (D:1)
  4 quokkas (D:1)
  4 ball pythons
  A frilled lizard (D:1)
  2 kobolds
41 creatures vanquished.

Notes
Turn   | Place    | Note
-------+----------+-------------------------------------------
     0 | D:1      | SmokeWeed the Deep Elf Hunter began the quest for the Orb.
     0 | D:1      | Reached XP level 1. HP: 12/12 MP: 3/3
    73 | D:1      | Upgraded the game from 0.31-a0-765-g67fe2935dc to
                  | 0.31-a0-774-g0d66cbabe8
   179 | D:1      | Reached XP level 2. HP: 4/16 MP: 4/4
   357 | D:1      | Reached skill level 6 in Ranged Weapons
   544 | D:1      | Reached XP level 3. HP: 21/21 MP: 5/5
  1232 | D:2      | Found a faded altar of an unknown god.
  2039 | D:3      | Reached XP level 4. HP: 26/26 MP: 6/6
  2733 | D:4      | Noticed Pikel
  2736 | D:4      | Noticed a lemure
  2736 | D:4      | Noticed a lemure
  2737 | D:4      | Reached skill level 7 in Ranged Weapons
  2738 | D:4      | Noticed a lemure
  2740 | D:4      | Noticed a lemure
  2755 | D:3      | Gained mutation: You passively map a small area around you.
                  | [potion of mutation]
  2755 | D:3      | Gained mutation: You passively map the area around you.
                  | [potion of mutation]
  2755 | D:3      | Gained mutation: Your flesh is heat resistant. (rF+)
                  | [potion of mutation]
  2758 | D:3      | HP: 1/26 [Pikel/+1 whip of flaming (1)]
  2761 | D:3      | Slain by Pikel

Illustrated notes

Levels and vault maps discovered:
D:1:      onia_arrival_pentagram, layout_loops_corners, grunt_decor_arrowhead,
          hangedman_decor_push
D:2:      layout_loops_ring, shapermc_ecumenical_altar_flowoftime,
          chequers_serial_rivers_room_b
D:3:      layout_basic, dk_noncrumbling_4
D:4:      layout_loops_ring, fedhas_altar_4, gup_sewer_entry_spiral,
          due_unseen_surprise, uniq_edmund, uniq_pikel

Skill      XL: |  1  2  3  4 |
---------------+-------------+-----
Ranged Weapons | 6 7 |  7.0
Fighting       | 2 |  2.0
Armour         | |  0.6
Dodging        | |  2.5
Stealth        | |  1.3

Action                     |  1- 3 |  4- 6 || total
---------------------------+-------+-------++-------
  Melee: Falchion          |       |     5 ||     5
   Fire: Shortbow          |    90 |    22 ||   112
    Use: Scroll            |     3 |       ||     3
         Potion            |       |     1 ||     1
 Armour: Leather armour    |    23 |     9 ||    32
  Dodge: Dodged            |    23 |     3 ||    26

Table legend: (Time is in decaauts)
 A = Elapsed time spent in this place.
 B = Non-inter-level travel time spent in this place.
 C = Inter-level travel time spent in this place.
 D = Time resting spent in this place.
 E = Time spent auto-exploring this place.
 F = Levels seen in this place.
 G = Mean time per level.
                   A        B        C        D        E       F      G
               +--------+--------+--------+--------+--------+-----+--------+
         Total |   2779 |   2679 |    100 |    136 |   2151 |   4 |  694.8 |
       Dungeon |   2779 |   2679 |    100 |    136 |   2151 |   4 |  694.8 |
               +--------+--------+--------+--------+--------+-----+--------+

Top non-repeatable levels by time:
     D:3: 1033 daAuts
     D:1: 904 daAuts
     D:2: 811 daAuts
     D:4: 30 daAuts
